 Dungeon Crawl Stone Soup version 0.29.1-1-gd02db6906a (webtiles) character file.

Game seed: 2037419553260799074

4898 Godmorgon the Magician (level 10, -3/75 HPs)
             Began as a Djinni Ice Elementalist on Oct 5, 2022.
             Was a Priest of Makhleb.
             Killed from afar by an acid dragon (21 damage)
             ... with a splash of acid
             ... on level 9 of the Dungeon.
             The game lasted 01:23:41 (12721 turns).

Godmorgon the Magician (Djinni Ice Elementalist)   Turns: 12721, Time: 01:23:41

Health: -3/75      AC:  9    Str:  7    XL:     10   Next: 80%
Gold:   530        EV: 27    Int: 24    God:    Makhleb [***...] SH:  5 Dex: 14

rFire   + + .      SeeInvis +   a - +5 falchion of Discord {antimagic, +Blink Int+3 Stlth-}
rCold   x . .      Faith    .   P - +0 buckler
rNeg    . . .      Spirit   .   N - +2 robe {Will+}
rPois   ∞          Reflect  .   x - +0 helmet
rElec   .          Harm     .   (no cloak)
rCorr   .          Rampage  .   (no gloves)
Will    ++...                   (boots unavailable)
Stlth   +.........              i - amulet of the acrobat
HPRegen 0.22/turn               B - +4 ring of protection {=R}
MPRegen 0.00/turn               l - ring of see invisible

@: marked, acrobatic, flying
A: sickness immunity, fire resistance 2, cold vulnerability 1, float, innate
caster, HP casting, extra vitality 1
a: Renounce Religion, Evoke Blink, Minor Destruction, Lesser Servant of Makhleb


You were on level 9 of the Dungeon.
You worshipped Makhleb.
Makhleb was most pleased with you.
You visited 2 branches of the dungeon, and saw 10 of its levels.
You also visited: Ossuary.

You collected 794 gold pieces.
You spent 264 gold pieces at shops.

Inventory:

Hand Weapons
 a - the +5 falchion of Discord (weapon) {antimagic, +Blink Int+3 Stlth-}
   (You took it off a gnoll sergeant on level 5 of the Dungeon)

   It reduces the magical energy of the wielder, and disrupts the spells and
   magical abilities of those it strikes.
   Natural abilities and divine invocations are not affected.
   Int:       It affects your intelligence (+3).
   +Blink:    It lets you blink.
   Stlth:     It makes you less stealthy.
 c - a +2 long sword of draining
 d - a +3 spear of venom
 T - a +1 short sword of electrocution
Missiles
 f - 3 boomerangs of dispersal
 r - 11 poisoned darts
 E - a silver boomerang (quivered)
 I - a throwing net
Armour
 m - the +1 leather armour "Irphuss" {rN+ rCorr}
   (You found it on level 2 of the Dungeon)

   rN:        It protects you from negative energy.
   rCorr:     It protects you from acid and corrosion.
 x - a +0 helmet (worn)
 N - a +2 robe of willpower (worn)
 P - a +0 buckler (worn)
Magical Staves
 b - a staff of air
Jewellery
 i - an amulet of the acrobat (around neck)
 l - a ring of see invisible (right hand)
 B - a +4 ring of protection (left hand) {=R}
 O - a ring of wizardry
Wands
 n - a wand of mindburst (10)
 D - a wand of polymorph (13)
 F - a wand of flame (3)
 J - a wand of charming (15)
Scrolls
 e - 3 scrolls of magic mapping
 g - a scroll of acquirement {unknown}
 j - 7 scrolls of teleportation
 k - 2 scrolls of torment
 q - 2 scrolls of butterflies
 t - 3 scrolls of blinking
 v - 4 scrolls of enchant armour
 w - 3 scrolls of poison
 y - a scroll of summoning {unknown}
 z - a scroll of immolation {unknown}
 C - 2 scrolls of amnesia {unknown}
 K - a scroll of fear
 Q - a scroll of brand weapon
 R - 3 scrolls of enchant weapon {unknown}
Potions
 h - 3 potions of might
 o - 2 potions of mutation {unknown}
 p - a potion of berserk rage
 s - 3 potions of resistance {unknown}
 u - 8 potions of curing
 A - 3 potions of lignification {unknown}
 G - 2 potions of attraction {unknown}
 H - 2 potions of magic {unknown}
 L - 5 potions of heal wounds
 M - 4 potions of brilliance {unknown}
 S - a potion of haste {unknown}


   Skills:
 * Level 7.3 Fighting
 + Level 3.9 Long Blades
 - Level 4.0 Armour
 - Level 2.1 Dodging
 - Level 1.5 Stealth
 * Level 3.7 Shields
 + Level 7.9 Spellcasting
 + Level 5.7 Invocations


You had 5 spell levels left.
You knew the following spells:

 Your Spells              Type           Power      Damage    Failure   Level
a - Ozocubu's Armour      Ice            47%        N/A       1%          3
f - Freeze                Ice            100%       1d11      1%          1
h - Hailstorm             Conj/Ice       47%        3d11      3%          4
i - Call Imp              Summ           47%        N/A       1%          2
p - Poisonous Vapours     Pois/Air       94%        N/A       1%          2
r - Frozen Ramparts       Ice            94%        1d15      1%          3
v - Vampiric Draining     Necr           47%        2d9       1%          3
A - Apportation           Tloc           94%        N/A       1%          1
Your spell library was empty.

Dungeon Overview and Level Annotations

Branches:
Dungeon (9/15)             Temple (1/1) D:4         Ossuary (visited)
   Lair: D:8-11         Orc: D:9-12

Altars:
Ashenzari
Cheibriados
Dithmenos
Elyvilon
Gozag
Hepliaklqana
Makhleb
Nemelex Xobeh
Okawaru
Qazlal
Ru
Trog
Uskayaw
Wu Jian
Xom
Yredelemnul
The Shining One

Shops:
D:4 *   D:5 ?


Innate Abilities, Weirdness & Mutations

You are immune to sickness and miasma.
You are immune to poison.
Your flesh is very heat resistant. (rF++)
You are vulnerable to cold. (rC-)
You float through the air rather than walking.
You learn spells naturally, not from books.
Your magical power is your life essence.
You have superior vitality. (+4 MHP)


Message History

Confirm with . or Enter, or press ? or * to list all spells.
You don't know that spell.
Unknown command.
Unknown command.
Press: ? - help, v - describe, . - travel, g - get item Item here: the +6 hand axe of Qimissim {freeze, rF+ Will++ Str+3 Dex-5}.
The floor.
You see here a +0 hand axe.
You see here a +0 hand axe.
You see here a +0 hand axe.
There is an open door here.
You reach down and open the door.
There is an open door here.
Found a stone staircase leading up.
An acid dragon comes into view.
The acid dragon roars!
A two-headed ogre comes into view. It is wielding two +0 giant clubs.
Casting: Vampiric Draining (safe; 1% risk of failure)
Confirm with . or Enter, or press ? or * to list all spells.
Aiming: Poisonous Vapours (safe; 1% risk of failure)
Press: ? - help, Dir - move target, f - two-headed ogre
Aim: a two-headed ogre, wielding two +0 giant clubs Poisonous vapours surround the two-headed ogre!
The two-headed ogre is poisoned.
The acid dragon spits acid at you. The splash of acid hits you!!
The two-headed ogre pulls the alarm!
The alarm trap emits a blaring wail!
A sentinel's mark forms upon you.
You hear a roar!
You hear a shout! x4
Casting: Poisonous Vapours (safe; 1% risk of failure)
Confirm with . or Enter, or press ? or * to list all spells.
Okay, then.
Unknown command.
The acid dragon spits acid at you. The splash of acid hits you!!
* * * LOW HITPOINT WARNING * * *
Found an escape hatch in the floor.
Found a stone staircase leading down.
The acid dragon spits acid at you. The splash of acid hits you!!
You die...

.............'.......
#.......#####.......
#.......#######.....
#....#......# #..... ###
#....#.####.# #.....
.....#........# #.....
.....###..#.#.#.# #.....
............#.#.# #.....
.....<.@......#.# #####.
>.........#####.### #.
..................#####.
>.......................
............D..##.#####.
......####......# #.
..............O.# #.
......###.####.## ## ..
... ....


You could see a two-headed ogre (very poisoned) and an acid dragon (catching
breath).

Vanquished Creatures
  Pikel (D:6)
  Grinder (D:3)
  A vampire (D:9)
  2 steam dragons
  Edmund (D:6)
  An acid dragon (D:7)
  2 water moccasins (D:6)
  An orc warrior (D:7)
  3 ice beasts
  2 black bears
  An ogre (D:7)
  2 centaurs (D:8)
  2 phantoms
  2 necrophages (D:5)
  A gnoll sergeant (D:5)
  7 scorpions
  4 wights (D:8)
  4 killer bees (D:9)
  2 electric eels
  5 howler monkeys
  A jelly (D:4)
  2 hounds (D:5)
  10 orc priests
  A gnoll bouda (D:5)
  Natasha (thrice) (D:4)
  2 iguanas
  8 orc wizards
  8 mummies (Ossuary)
  Robin (D:4)
  10 gnolls
  11 adders
  3 white imps
  An ufetubus (D:6)
  2 worms
  3 dart slugs
  33 orcs
  8 ball pythons
  A bat (D:3)
  6 endoplasms
  4 giant cockroaches
  16 goblins
  8 hobgoblins
  4 jackals (D:1)
  4 quokkas
  5 frilled lizards
  4 gnoll zombies (Ossuary)
  8 kobolds
  3 kobold zombies (Ossuary)
  6 rats
221 creatures vanquished.

Vanquished Creatures (collateral kills)
  A gnoll zombie (Ossuary)
1 creature vanquished.

Vanquished Creatures (others)
  3 plants
3 creatures vanquished.

Grand Total: 225 creatures vanquished

Notes
Turn   | Place    | Note
-------+----------+-------------------------------------------
     0 | D:1      | Godmorgon the Djinni Ice Elementalist began the quest for
                  | the Orb.
     0 | D:1      | Godmorgon set off with the following spells memorised:
                  | Freeze, Frozen Ramparts, Ozocubu's Armour, Hailstorm.
     0 | D:1      | Reached XP level 1. HP: 15/15 MP: 0/0
   294 | D:1      | Reached XP level 2. HP: 18/22 MP: 0/0
   529 | D:1      | Reached skill level 1 in Fighting
   766 | D:1      | Reached XP level 3. HP: 26/27 MP: 0/0
   766 | D:1      | Learned a level 1 spell: Apportation
  1580 | D:2      | Identified the +1 leather armour "Irphuss" {rN+ rCorr}
  1860 | D:2      | Found a faded altar of an unknown god.
  1951 | D:2      | Reached skill level 1 in Armour
  1951 | D:2      | Reached XP level 4. HP: 27/32 MP: 0/0
  1999 | D:2      | Reached XP level 5. HP: 14/38 MP: 0/0
  1999 | D:2      | Learned a level 2 spell: Poisonous Vapours
  3801 | D:3      | Reached XP level 6. HP: 26/44 MP: 0/0
  3975 | D:3      | You are sucked into a shaft and drop 2 floors!
  3975 | D:5      | Entered Level 5 of the Dungeon
  4003 | D:5      | Found a glowing golden altar of the Shining One.
  4029 | D:4      | Found a sparkling altar of Nemelex Xobeh.
  4043 | D:4      | Noticed a black bear
  4051 | D:4      | Killed a black bear
  4122 | D:4      | Reached XP level 7. HP: 13/49 MP: 0/0
  4122 | D:4      | Learned a level 2 spell: Call Imp
  4428 | D:3      | Noticed Grinder
  4705 | D:4      | Found a staircase to the Ecumenical Temple.
  4715 | Temple   | Entered the Ecumenical Temple
  4938 | Temple   | Became a worshipper of Makhleb the Destroyer
  4971 | D:4      | Found a basalt altar of Yredelemnul.
  5010 | D:4      | Reached skill level 5 in Spellcasting
  5295 | D:4      | Reached skill level 1 in Invocations
  5646 | D:4      | Found Vumess's General Store.
  5649 | D:4      | Bought a scroll of identify for 24 gold pieces
  5649 | D:4      | Bought a potion of degeneration for 12 gold pieces
  5649 | D:4      | Bought a potion of curing for 36 gold pieces
  5731 | D:4      | HP: 2/50 [orc priest/divine providence (11)]
  5739 | D:4      | Reached XP level 8. HP: 20/57 MP: 0/0
  6296 | D:4      | Noticed Natasha
  6303 | D:4      | Killed Natasha
  6332 | D:4      | Noticed Natasha
  6340 | D:4      | Killed Natasha
  6417 | D:4      | Noticed Natasha
  6424 | D:4      | Killed Natasha
  6572 | D:4      | Noticed Robin
  6580 | D:4      | Killed Robin
  6582 | D:4      | Reached * piety under Makhleb
  7203 | D:3      | Killed Grinder
  7750 | D:5      | Reached XP level 9. HP: 55/64 MP: 0/0
  7750 | D:5      | Learned a level 3 spell: Vampiric Draining
  7808 | D:5      | Found a bloodstained altar of Trog.
  8009 | D:5      | Reached skill level 5 in Fighting
  8095 | D:5      | Found Faetulah's Magic Scroll Shop.
  8101 | D:5      | Bought a scroll of blinking for 82 gold pieces
  8101 | D:5      | Bought a scroll of poison for 44 gold pieces
  8101 | D:5      | Bought a scroll of fear for 44 gold pieces
  8101 | D:5      | Bought a scroll of identify for 22 gold pieces
  8217 | D:5      | Reached ** piety under Makhleb
  8251 | D:5      | Found a stormy altar of Qazlal.
  8286 | D:5      | Identified the +5 falchion of Discord {antimagic, +Blink
                  | Int+3 Stlth-}
  8296 | D:5      | Reached skill level 1 in Long Blades
  8698 | D:6      | Noticed Edmund
  8707 | D:6      | Killed Edmund
  8813 | D:6      | Found an opulent altar of Gozag.
  8813 | D:6      | Found a hazy altar of Hepliaklqana.
  9061 | D:6      | Noticed Pikel
  9080 | D:6      | Killed Pikel
  9081 | D:6      | Reached XP level 10. HP: 63/72 MP: 0/0
  9184 | D:6      | Reached skill level 5 in Invocations
  9325 | D:6      | Reached skill level 1 in Shields
  9373 | D:6      | Identified the +5 sling of Prudence {speed, +Blink Will-
                  | Str+3 Dex+3}
  9492 | D:7      | Found a sand-covered staircase.
  9507 | Ossuary  | Entered an ossuary
 10144 | D:7      | Found a broken altar of Ashenzari.
 11020 | D:8      | Found a sacrificial altar of Ru.
 11288 | D:8      | Reached *** piety under Makhleb
 12645 | D:9      | Identified the +6 hand axe of Qimissim {freeze, rF+ Will++
                  | Str+3 Dex-5}
 12713 | D:9      | Noticed a two-headed ogre
 12721 | D:9      | Killed from afar by an acid dragon

Illustrated notes

Levels and vault maps discovered:
D:1:      tarquinn_simple_flora_water_e, layout_basic, serial_forest,
          infiniplex_forest_straight_1, infiniplex_forest_lined_2,
          infiniplex_forest_straight_1, infiniplex_forest_join,
          infiniplex_forest_clump_long, infiniplex_forest_lined_3_way,
          infiniplex_forest_straight_5, minmay_tall_x
D:2:      cheibrodos_pilgrimage, layout_basic,
          shapermc_ecumenical_altar_pompeii, kennysheep_flooded_box
D:3:      minmay_inner_zag, layout_basic, uniq_grinder
D:4:      layout_cave_pods, mainiacjoe_overflow_paths, lemuel_crystal_altar,
          minmay_temple_entry_junction, serial_shops, nicolae_shop_behind_doors,
          uniq_natasha, uniq_robin
D:5:      layout_gridville, nicolae_overflow_hidden_temple,
          mainiacjoe_overflow_cross_hatched, tso_oasis_becter, serial_shops,
          nicolae_shop_advertising_works [nicolae_subvault_shop_adworks],
          nicolae_figureground_pulse
D:6:      layout_rooms, grunt_temple_overflow_open, minivault_14,
          minmay_fractal_squares_5, uniq_edmund, uniq_pikel
D:7:      layout_loops_ring, evilmike_ruin_ashenzari, enter_ossuary_1
D:8:      layout_loops_cross, mainiacjoe_overflow_small_starburst,
          minmay_misc_feat_nine_boxes
D:9:      layout_basic, mainiacjoe_overflow_alcove_4, minivault_4,
          evilmike_butchery
Temple:   jpeg_temple_alley_garden

Skill      XL: |  1  2  3  4  5  6  7  8  9 10 |
---------------+-------------------------------+-----
Fighting       | 1 2 3 4 6 7 |  7.3
Armour         | 1 2 3 4 |  4.0
Spellcasting   | 4 5 6 7 |  7.9
Invocations    | 1 3 4 5 |  5.7
Long Blades    | 3 |  3.9
Shields        | 3 |  3.7
Dodging        | |  2.1
Stealth        | |  1.5

Action                   |  1- 3 |  4- 6 |  7- 9 | 10-12 || total
-------------------------+-------+-------+-------+-------++-------
Melee: Short sword       |     6 |       |       |       ||     6
       Dagger            |    12 |    31 |       |       ||    43
       Spear             |       |     3 |   112 |       ||   115
       Falchion          |       |       |    33 |    96 ||   129
       Long sword        |       |       |     5 |       ||     5
       Staff             |       |       |     1 |     7 ||     8
Throw: Boomerang         |       |       |       |     4 ||     4
 Cast: Freeze            |    43 |    14 |     3 |     4 ||    64
       Frozen Ramparts   |       |     4 |    13 |    17 ||    34
       Poisonous Vapours |       |    53 |   121 |    37 ||   211
       Ozocubu's Armour  |       |     1 |     6 |    12 ||    19
       Call Imp          |       |       |     6 |     4 ||    10
       Hailstorm         |       |       |     1 |    13 ||    14
       Vampiric Draining |       |       |     7 |    20 ||    27
Invok: Minor Destruction |       |       |       |     1 ||     1
Evoke: Wand              |       |       |     3 |       ||     3
  Use: Scroll            |       |       |     8 |     6 ||    14
       Potion            |       |       |     5 |       ||     5
 Stab: Sleeping          |       |       |     2 |       ||     2
Armor: Robe              |     2 |       |       |    60 ||    62
       Leather armour    |     4 |    12 |    47 |       ||    63
Dodge: Dodged            |    27 |    26 |    81 |    82 ||   216
Block: Buckler           |       |       |       |    23 ||    23
